Map: Newkirk Precinct TE (Void)

Players

PtitDrogo

  • Race: Protoss Protoss
  • Spawn Location: 7:00

Zanster - Winner!

  • Race: Zerg Zerg
  • Spawn Location: 5:00

Event: WCS Austin 2017

VOD

Have the link to the VOD?

Description

Time

  • Played on: April 28, 2017, 6:28 p.m.
  • Length: 3:56

All games in this series

Show
View Real Time Build Order
Export as new Build Order

PtitDrogo Protoss 

Build Orders: 1 Gate Expand 

Get SALT Encoding   

  12  0:01  Probe (Chrono Boost)  
  13  0:11  Probe (Chrono Boost)  
  14  0:19  Pylon  
  14  0:22  Probe (Chrono Boost)  
  15  0:37  Probe (Chrono Boost)  
  15  0:40  Gateway  
  16  0:47  Assimilator, Probe (Chrono Boost)  
  17  0:58  Probe (Chrono Boost)  
  18  1:08  Probe (Chrono Boost)  
  19  1:22  Nexus  
  19  1:26  Probe (Chrono Boost)  
  20  1:34  Cybernetics Core  
  20  1:42  Assimilator  
  20  1:46  Probe (Chrono Boost)  
  21  1:51  Pylon  
  21  1:56  Probe (Chrono Boost)  
  22  2:07  Probe (Chrono Boost)  
  23  2:09  Adept  
  25  2:20  Probe (Chrono Boost)  
  26  2:32  Probe (Chrono Boost)  
  26  2:34  Probe (Chrono Boost), Stargate  
  28  2:37  Stalker  
  28  2:44  Probe x2 (Chrono Boost)  
  31  2:55  Probe (Chrono Boost)  
  31  2:56  Probe (Chrono Boost)  
  34  3:05  Probe (Chrono Boost)  
  34  3:07  Adept  
  34  3:08  Probe (Chrono Boost)  
  39  3:20  Probe (Chrono Boost)  
  39  3:23  Mothership Core (Chrono Boost)  
  37  3:28  Pylon  
  37  3:32  Probe (Chrono Boost)  
  33  3:38  Pylon  
Show
View Real Time Build Order
Export as new Build Order

Zanster Zerg - Winner!

Build Orders: Hatch First 

Get SALT Encoding   

  12  0:00  Drone  
  13  0:13  Overlord  
  13  0:18  Drone  
  14  0:31  Drone x2  
  16  0:50  Hatchery  
  16  0:52  Drone  
  16  0:55  Drone  
  17  1:02  Extractor  
  16  1:11  Spawning Pool  
  16  1:15  Drone  
  16  1:18  Drone  
  16  1:21  Drone  
  18  1:29  Drone  
  19  1:39  Overlord  
  19  1:58  Queen  
  21  2:02  Queen  
  21  2:03  Zergling x4  
  25  2:08  Metabolic Boost  
  25  2:15  Zergling x2  
  26  2:16  Zergling x2  
  26  2:20  Zergling x2  
  28  2:25  Zergling x2  
  28  2:26  Zergling x2  
  30  2:38  Zergling x4  
  32  2:46  Overlord  
  31  2:54  Zergling x2  
  32  3:01  Zergling x4  
  32  3:04  Hatchery  
  33  3:10  Zergling x4  
  35  3:14  Zergling x2  
  35  3:15  Zergling x2  
  37  3:24  Zergling x6  
  38  3:31  Zergling x4  
  39  3:36  Zergling x4  
Tags
 
Add a new tag
Caveats
  • Supply blocks, unpowered buildings, or Contaminate may cause inaccurate times.
  • Supply counts are checked every 10 seconds.